 Dungeon Crawl Stone Soup version 0.28.0-47-ge53b351184 (webtiles) character file.

Game seed: 16430200906200746373

1551 101zpm the Thaumaturge (level 9, -6/55 HPs)
             Began as a Djinni Fire Elementalist on May 5, 2022.
             Engulfed by a cloud of flame (7 damage)
             ... on level 6 of the Dungeon.
             The game lasted 00:13:40 (6583 turns).

101zpm the Thaumaturge (Djinni Fire Elementalist)   Turns: 6583, Time: 00:13:40

Health: -6/55      AC:  3    Str:  7    XL:     9   Next: 12%
Gold:   204        EV: 12    Int: 21    God:
                   SH:  0    Dex: 14

rFire   + + .      SeeInvis .   h - +2 whip (flame)
rCold   x . .      Faith    .   (no shield)
rNeg    . . .      Spirit   .   a - +0 robe
rPois   ∞          Reflect  .   (no helmet)
rElec   .          Harm     .   m - +0 cloak
rCorr   .          Rampage  .   (no gloves)
Will    .....                   (boots unavailable)
Stlth   ++........              (no amulet)
HPRegen 0.18/turn               (no ring)
MPRegen 0.00/turn               (no ring)

@: flying
A: sickness immunity, fire resistance 2, cold vulnerability 1, float, innate
caster, HP casting, extra vitality 1
a: no special abilities


You were on level 6 of the Dungeon.
You visited 1 branch of the dungeon, and saw 6 of its levels.

You collected 204 gold pieces.

Inventory:

Hand Weapons
 h - a +2 whip of flaming (weapon)
Armour
 a - a +0 robe (worn)
 m - a +0 cloak (worn)
Jewellery
 i - an amulet of faith
Wands
 l - a wand of polymorph (8)
Scrolls
 b - 5 scrolls of identify {unknown}
 d - a scroll of magic mapping {unknown}
 n - 2 scrolls of enchant weapon {unknown}
Potions
 c - 2 potions of invisibility {unknown}
 e - a potion of haste {unknown}
 f - 2 potions of cancellation {unknown}
 g - a potion of flight {unknown}
 j - a potion of brilliance {unknown}
 k - a potion of curing {unknown}


   Skills:
 + Level 0.3 Fighting
 + Level 2.6 Dodging
 + Level 3.2 Stealth
 + Level 8.2 Spellcasting


You had 3 spell levels left.
You knew the following spells:

 Your Spells              Type           Power      Damage    Failure   Level
a - Foxfire               Conj/Fire      100%       2x1d9     1%          1
b - Scorch                Fire           86%        2d9       1%          2
c - Conjure Flame         Conj/Fire      43%        6-21      1%          3
d - Inner Flame           Hex/Fire       43%        N/A       1%          3
e - Flame Wave            Conj/Fire      43%        2d9       2%          4
f - Slow                  Hex            100%       N/A       1%          1
g - Searing Ray           Conj           86%        2d7       1%          2
h - Blink                 Tloc           86%        N/A       1%          2
i - Ignite Poison         Fire/Tmut/Pois 43%        N/A       1%          3
Your spell library was empty.

Dungeon Overview and Level Annotations

Branches:
Dungeon (6/15)
 Temple: D:4-7

Altars:
Okawaru
Uskayaw


Innate Abilities, Weirdness & Mutations

You are immune to sickness and miasma.
You are immune to poison.
Your flesh is very heat resistant. (rF++)
You are vulnerable to cold. (rC-)
You float through the air rather than walking.
You learn spells naturally, not from books.
Your magical power is your life essence.
You have superior vitality. (+4 MHP)


Message History

Aim: an adder (wandering, hasn't noticed you, chance to affect: 94%)
The adder hisses angrily.
The adder is filled with an inner flame.
A centaur skeleton comes into view.
Casting: Foxfire (safe; 1% risk of failure)
Press: ? - help, Q - select action, (/) - cycle Dir - look around, f - activate You conjure some foxfire!
Casting: Foxfire (safe; 1% risk of failure)
Confirm with . or Enter, or press ? or * to list all spells.
Aiming: Inner Flame (safe; 1% risk of failure)
Press: ? - help, Dir - move target, f - centaur skeleton
Aim: a centaur skeleton (chance to affect: 95%)
The centaur skeleton is filled with an inner flame.
The foxfire hits the centaur skeleton!
Flame seeps out of the centaur skeleton.
The centaur skeleton is moderately damaged.
A necrophage comes into view.
Casting: Inner Flame (safe; 1% risk of failure)
Confirm with . or Enter, or press ? or * to list all spells.
Aiming: Inner Flame (safe; 1% risk of failure)
Press: ? - help, Dir - move target, f - necrophage, p - centaur skeleton
Aim: a necrophage (chance to affect: 80%)
The necrophage barely resists.
The foxfire hits the centaur skeleton!
Flame seeps out of the centaur skeleton.
The centaur skeleton is heavily damaged.
The centaur skeleton is engulfed in blazing flames.
The centaur skeleton explodes!
The fiery explosion engulfs the necrophage!!!
You destroy the necrophage!
The adder bites you.
* * * LOW HITPOINT WARNING * * *
Casting: Inner Flame (safe; 1% risk of failure)
Confirm with . or Enter, or press ? or * to list all spells.
Flames lash the adder.
* * * LOW HITPOINT WARNING * * *
The adder explodes!
The fiery explosion engulfs you! You resist.
* * * LOW HITPOINT WARNING * * *
You are engulfed in blazing flames.
You resist.
You die...

... ..# #§#
#°# #.#
...####.# ####
....)...#....#
#@..#
.).§)§§§#.#
#..○#§#§# ..
#. #.#.# ## .
#.# ## #.# #.#
#..


There were no monsters in sight!

Vanquished Creatures
  Pikel (D:4)
  Maggie (D:6)
  A black bear (D:5)
  2 necrophages
  2 phantoms (D:4)
  A lemure (D:4)
  Blork the orc (D:4)
  2 hounds
  A centaur skeleton (D:6)
  An iguana (D:4)
  An orc wizard (D:4)
  Robin (D:4)
  8 gnolls
  3 adders
  A white imp (D:5)
  An ufetubus (D:4)
  An adder skeleton (D:4)
  6 orcs
  8 ball pythons
  3 endoplasms
  4 giant cockroaches
  13 goblins
  5 hobgoblins
  3 kobolds
  5 quokkas
  9 bats
  A frilled lizard (D:1)
  4 rats
90 creatures vanquished.

Vanquished Creatures (others)
  405 foxfires
405 creatures vanquished.

Grand Total: 495 creatures vanquished

Notes
Turn   | Place    | Note
-------+----------+-------------------------------------------
     0 | D:1      | 101zpm the Djinni Fire Elementalist began the quest for the
                  | Orb.
     0 | D:1      | Reached XP level 1. HP: 15/15 MP: 0/0
   589 | D:1      | Reached XP level 2. HP: 14/21 MP: 0/0
  1622 | D:1      | Reached skill level 3 in Spellcasting
  1810 | D:1      | Reached XP level 3. HP: 19/25 MP: 0/0
  1810 | D:1      | Learned a level 1 spell: Slow
  2872 | D:2      | Found a faded altar of an unknown god.
  3102 | D:2      | You are sucked into a shaft and drop 1 floor!
  3109 | D:4      | Reached XP level 4. HP: 13/31 MP: 0/0
  3324 | D:4      | Found an iron altar of Okawaru.
  3332 | D:4      | Noticed Blork the orc
  3339 | D:4      | Killed Blork the orc
  3340 | D:4      | Reached skill level 4 in Spellcasting
  3340 | D:4      | Reached XP level 5. HP: 26/35 MP: 0/0
  3340 | D:4      | Learned a level 2 spell: Searing Ray
  3697 | D:4      | Noticed a lemure
  3702 | D:4      | Killed a lemure
  3704 | D:4      | Noticed Pikel
  3705 | D:4      | Noticed a lemure
  3707 | D:4      | Noticed a lemure
  3710 | D:4      | Killed Pikel
  3711 | D:4      | Reached skill level 6 in Spellcasting
  3711 | D:4      | Reached XP level 6. HP: 14/40 MP: 0/0
  3711 | D:4      | Reached XP level 7. HP: 16/45 MP: 0/0
  3711 | D:4      | Learned a level 2 spell: Blink
  4326 | D:4      | Found a hide-covered altar of Uskayaw.
  4398 | D:4      | Reached XP level 8. HP: 44/50 MP: 0/0
  4621 | D:4      | Noticed Robin
  4623 | D:4      | Killed Robin
  4661 | D:4      | Identified the +5 ring mail of Qeudur {Stlth+}
  5624 | D:5      | Entered Level 5 of the Dungeon
  5762 | D:5      | Reached skill level 7 in Spellcasting
  6563 | D:6      | Noticed Maggie
  6572 | D:6      | Killed Maggie
  6573 | D:6      | Reached skill level 8 in Spellcasting
  6573 | D:6      | Reached XP level 9. HP: 26/55 MP: 0/0
  6573 | D:6      | Learned a level 3 spell: Ignite Poison
  6583 | D:6      | HP: 1/55 [spore (13)]
  6583 | D:6      | Engulfed by a cloud of flame

Illustrated notes

Levels and vault maps discovered:
D:1:      lemuel_arrival_broad_hall, layout_loops_cross
D:2:      layout_loops_ring, hellmonk_ecumenical_altar_crossroads, uniq_terence
D:3:      layout_rooms, zin_statuary, grunt_ministairs_13, uniq_jessica,
          uniq_sigmund
D:4:      layout_basic, eat_drink_and_be_merry_uskayaw, okawaru_metal_pillars_3,
          uniq_robin, uniq_blork_the_orc, uniq_pikel
D:5:      minmay_goblin_kobold_castle, layout_basic, grunt_temple_overflow_open,
          nicolae_hepliaklqana_ecumenical_no_more, minmay_temple_entry_hall,
          minivault_11, minmay_fire_ice_demons, uniq_eustachio
D:6:      cheibrodos_barr_body, layout_basic, uniq_maggie

Skill      XL: |  1  2  3  4  5  6  7  8 |
---------------+-------------------------+-----
Spellcasting   | 3 4 6 8 |  8.2
Stealth        | 2 3 |  3.2
Fighting       | |  0.3
Dodging        | |  2.6

Action                   |  1- 3 |  4- 6 |  7- 9 || total
-------------------------+-------+-------+-------++-------
Melee: Unarmed           |    15 |       |       ||    15
 Cast: Foxfire           |   122 |    33 |   125 ||   280
       Scorch            |    13 |     6 |    17 ||    36
       Inner Flame       |     1 |     7 |    39 ||    47
       Slow              |       |       |     2 ||     2
       Flame Wave        |       |       |     1 ||     1
Armor: Robe              |     4 |       |     5 ||     9
Dodge: Dodged            |    25 |       |     8 ||    33
